 Dungeon Crawl Stone Soup version 0.32-a0-999-gfa1cc04b1d (webtiles) character file.

Game seed: 8008643522557598603

2761 DrKenneth the Protected (level 9, -2/82 HPs)
             Began as a Minotaur Fighter on Apr 25, 2024.
             Was a Believer of Makhleb.
             Slain by an orc warrior
             ... wielding a +0 trident
              (8 damage)
             ... in a bailey on Apr 26, 2024.
             The game lasted 00:18:50 (5739 turns).

DrKenneth the Protected (Minotaur Fighter)          Turns: 5739, Time: 00:18:50

Health: -2/82      AC: 13    Str: 24    XL:     9   Next: 42%
Magic:  8/8        EV:  7    Int:  5    God:    Makhleb [**....]
Gold:   436        SH:  5    Dex: 11    Spells: 8/8 levels left

rFire   . . .        a - +0 war axe
rCold   . . .        c - +0 buckler
rNeg    . . .        v - +0 chain mail
rPois   .            (helmet restricted)
rElec   .            n - scarf {repulsion}
rCorr   .            k - +0 pair of gloves
SInv    .            m - +0 pair of boots
Will    .....        (no amulet) Stlth
                     (no ring)
HPRegen 0.33/turn    (no ring)
MPRegen 0.11/turn

%: repel missiles
@: no status effects
A: horns 2, retaliatory headbutt
a: Renounce Religion, Minor Destruction


You were in a bailey.
You worshipped Makhleb.
Makhleb was pleased with you.
You visited 2 branches of the dungeon, and saw 8 of its levels.
You also visited: Bailey.

You collected 436 gold pieces.

Inventory:

Hand Weapons
 a - a +0 war axe (weapon)
 p - a +2 flail of protection
Armour
 b - a +0 scale mail
 c - a +0 buckler (worn)
 k - a +0 pair of gloves (worn)
 m - a +0 pair of boots (worn)
 n - a scarf of repulsion (worn)
 v - a +0 chain mail (worn)
Wands
 q - a wand of warping (7)
Scrolls
 e - 3 scrolls of teleportation
 f - 2 scrolls of identify
 g - 2 scrolls of blinking {unknown}
 j - a scroll of revelation
 w - a scroll of poison {unknown}
Potions
 d - 4 potions of might
 h - a potion of attraction
 i - a potion of experience {unknown}
 l - 3 potions of curing
 o - a potion of ambrosia {unknown}
 r - a potion of magic
 s - 2 potions of lignification
 t - 3 potions of haste {unknown}
 u - a potion of degeneration {unknown}
 x - a potion of cancellation {unknown}
 z - a potion of invisibility {unknown}
 A - a potion of heal wounds


   Skills:
 + Level 8.6 Fighting
 + Level 8.1 Axes
 + Level 8.6 Armour
 + Level 8.6 Shields


You had 8 spell levels left.
You didn't know any spells.
Your spell library contained the following spells:

 Spells                   Type           Power      Damage    Failure   Level
 Shock                    Conj/Air       0%         1d3       95%         1
 Blink                    Tloc           0%         N/A       99%         2
 Lesser Beckoning         Tloc           0%         N/A       99%         2
 Momentum Strike          Conj/Tloc      0%         3d8       99%         2
 Call Canine Familiar     Summ           0%         N/A       100%        3
 Sigil of Binding         Hex            0%         N/A       100%        3
 Swiftness                Air            0%         N/A       100%        3
 Airstrike                Air            0%         2d(0-16)  100%        4
 Dimensional Bullseye     Hex/Tloc       0%         N/A       100%        4


Dungeon Overview and Level Annotations

Branches:
Dungeon (7/15)             Temple (1/1) D:5          Bailey (1/1)

Altars:
Dithmenos
Elyvilon
Fedhas
Gozag
Hepliaklqana
Kikubaaqudgha
Makhleb
Nemelex Xobeh
Qazlal
Ru
Sif Muna
Trog
Uskayaw
Vehumet
Xom
Yredelemnul
The Shining One

Shops:
D:7 *

Annotations:
Temple 2 transporters


Innate Abilities, Weirdness & Mutations

You have a pair of horns on your head.
You reflexively headbutt those who attack you in melee.


Message History

* * * LOW HITPOINT WARNING * * *
You hit the orc warrior but do no damage.
The orc warrior is severely wounded.
You miss the orc warrior.
The orc warrior hits you but does no damage. x2
You slash the orc warrior!
You kill the orc warrior!
Makhleb accepts your kill.
You feel better.
You barely miss the orc warrior.
The orc warrior hits you but does no damage. x2
You slash the orc warrior! You headbutt the orc warrior.
The orc warrior is heavily wounded.
You block the orc warrior's attack.
You closely miss the orc warrior. Your headbutt misses the orc warrior.
The orc warrior is heavily wounded.
The orc warrior hits you but does no damage.
You barely miss the orc warrior. You headbutt the orc warrior.
The orc warrior is severely wounded.
The orc warrior hits you but does no damage.
You miss the orc warrior.
The orc warrior is severely wounded.
The orc warrior hits you but does no damage.
You closely miss the orc warrior.
The orc warrior is severely wounded.
You block the orc warrior's attack.
You barely miss the orc warrior.
The orc warrior is severely wounded.
The orc warrior hits you but does no damage.
You closely miss the orc warrior.
You headbutt the orc warrior, but do no damage.
The orc warrior is severely wounded.
The orc warrior hits you with a +0 trident.
* * * LOW HITPOINT WARNING * * *
The orc warrior hits you with a +0 trident!
* * * LOW HITPOINT WARNING * * *
You hit the orc warrior.
You headbutt the orc warrior, but do no damage.
The orc warrior is severely wounded.
The orc warrior hits you with a +0 trident!
You die...

##### #######
.....#########.....## #
......#.....#.......######
o..#..'...).'...##.)#))..#
o.....'.o@).')...ß.))....'
.#..'.....))..##.)#....#
o.....#.....#.......######
..... ########.....## #
#### #######


You could see an orc warrior.

Vanquished Creatures
  Grinder (D:4)
  A wyvern (D:7)
  Eustachio (D:4)
  A black bear (D:6)
  7 orc warriors
  A sky beast (D:6)
  A centaur (D:5)
  2 ogres (D:5)
  A phantom (D:6)
  2 kobold brigands
  2 howler monkeys (D:6)
  2 jellies
  2 bombardier beetles
  2 orc priests
  2 hounds (D:4)
  2 sleepcaps
  Natasha (thrice) (D:3)
  8 iguanas
  2 orc wizards
  A gnoll (D:6)
  7 adders
  2 shadow imps (D:5)
  A white imp (D:6)
  6 ufetubi
  2 dart slugs
  2 ribbon worms
  31 orcs
  5 ball pythons
  6 endoplasms
  4 giant cockroaches
  11 goblins
  6 hobgoblins
  13 jackals
  6 kobolds
  3 quokkas
  6 bats
  3 frilled lizards
  3 rats (D:1)
161 creatures vanquished.

Vanquished Creatures (others)
  2 orc wizards
  A goblin (D:7)
3 creatures vanquished.

Grand Total: 164 creatures vanquished

Notes
Turn   | Place    | Note
-------+----------+-------------------------------------------
     0 | D:1      | DrKenneth the Minotaur Fighter began the quest for the Orb.
     0 | D:1      | Reached XP level 1. HP: 19/19 MP: 0/0
   175 | D:1      | Reached XP level 2. HP: 27/27 MP: 1/1
   731 | D:2      | Reached XP level 3. HP: 33/33 MP: 2/2
  1440 | D:3      | Reached XP level 4. HP: 40/40 MP: 3/3
  1526 | D:3      | Noticed Natasha
  1534 | D:3      | Killed Natasha
  1647 | D:3      | Noticed Natasha
  1653 | D:3      | Killed Natasha
  1734 | D:3      | Noticed Natasha
  1735 | D:3      | Reached XP level 5. HP: 47/47 MP: 4/4
  1744 | D:3      | Killed Natasha
  2223 | D:3      | Reached skill level 5 in Shields
  2256 | D:4      | Reached skill level 5 in Fighting
  2256 | D:4      | Reached skill level 5 in Armour
  2315 | D:4      | Reached XP level 6. HP: 49/56 MP: 5/5
  2390 | D:4      | Found a shadowy altar of Dithmenos.
  2404 | D:4      | Noticed Grinder
  2406 | D:4      | Paralysed by Grinder for 2 turns
  2413 | D:4      | Killed Grinder
  2560 | D:4      | Reached skill level 5 in Axes
  2560 | D:4      | Reached XP level 7. HP: 39/62 MP: 6/6
  2641 | D:4      | Noticed Eustachio
  2677 | D:4      | Killed Eustachio
  3279 | D:4      | Found a sparkling altar of Nemelex Xobeh.
  3350 | D:5      | Entered Level 5 of the Dungeon
  3524 | D:5      | Found a staircase to the Ecumenical Temple.
  3537 | Temple   | Found a transporter.
  3537 | Temple   | Found a transporter.
  3537 | Temple   | Found a transporter.
  3537 | Temple   | Found a transporter.
  3537 | Temple   | Entered the Ecumenical Temple
  3549 | Temple   | Became a worshipper of Makhleb the Destroyer
  3598 | D:5      | Reached XP level 8. HP: 71/71 MP: 7/7
  4731 | D:6      | Reached * piety under Makhleb
  4952 | D:6      | Reached XP level 9. HP: 81/81 MP: 8/8
  5028 | D:7      | Found Keemonis's Fire Supplies.
  5057 | D:7      | Found a flagged portal.
  5075 | Bailey   | Entered a bailey
  5433 | Bailey   | Reached ** piety under Makhleb
  5739 | Bailey   | Slain by an orc warrior

Illustrated notes

Levels and vault maps discovered:
D:1:      mrwooster_arrival_statue, layout_rooms, chequers_serial_rivers_room_a
D:2:      layout_loops_corners
D:3:      layout_loops_cross, uniq_natasha
D:4:      layout_rooms, mainiacjoe_overflow_24_doors,
          nemelex_diamond_rough_becter, nrook_mini_backslash, uniq_eustachio,
          uniq_grinder
D:5:      layout_loops_ring, temple_statues
D:6:      layout_basic, minmay_joined_circles
D:7:      layout_basic, amethyst_overflow_temple_binary, enter_bailey_5,
          nicolae_shop_fire_sale [nicolae_sub_dead_trees]
Temple:   hellmonk_temple_divided_pantheon
Bailey:   bailey_polearm_5, bailey

Skill      XL: |  1  2  3  4  5  6  7  8  9 |
---------------+----------------------------+-----
Armour         | 4 5 6 8 |  8.6
Fighting       | 4 5 6 7 8 |  8.6
Axes           | 3 4 5 6 7 8 |  8.1
Shields        | 4 5 6 8 |  8.6

Action                     |  1- 3 |  4- 6 |  7- 9 || total
---------------------------+-------+-------+-------++-------
  Melee: War axe           |    80 |    96 |   268 ||   444
         Headbutt          |     4 |    10 |    40 ||    54
    Use: Scroll            |       |     1 |    11 ||    12
         Potion            |       |       |     3 ||     3
 Armour: Scale mail        |    47 |    89 |   180 ||   316
         Chain mail        |       |       |   141 ||   141
  Dodge: Dodged            |    42 |    37 |   152 ||   231
         Repelled          |       |     2 |     4 ||     6
  Block: Buckler           |    16 |    21 |   123 ||   160

Table legend: (Time is in decaauts)
 A = Elapsed time spent in this place.
 B = Non-inter-level travel time spent in this place.
 C = Inter-level travel time spent in this place.
 D = Time resting spent in this place.
 E = Time spent auto-exploring this place.
 F = Levels seen in this place.
 G = Mean time per level.
                   A        B        C        D        E       F      G
               +--------+--------+--------+--------+--------+-----+--------+
         Total |   5852 |   5061 |    791 |   1337 |   2563 |   9 |  650.2 |
       Dungeon |   5151 |   4382 |    769 |    822 |   2563 |   7 |  735.9 |
        Temple |     29 |      7 |     22 |      0 |      0 |   1 |   29.0 |
        Bailey |    671 |    671 |      0 |    515 |      0 |   1 |  671.0 |
               +--------+--------+--------+--------+--------+-----+--------+

Top non-repeatable levels by time:
     D:4: 1121 daAuts
     D:2: 980 daAuts
     D:6: 973 daAuts
     D:3: 855 daAuts
     D:5: 701 daAuts
  Bailey: 671 daAuts
     D:1: 468 daAuts
     D:7: 50 daAuts
  Temple: 29 daAuts
